 Dungeon Crawl Stone Soup version 0.20.1-1-g8b1a95d (webtiles) character file.

178 Irenicus the Insei (level 5, -1/36 HPs)
             Began as an Octopode Chaos Knight on Oct 17, 2017.
             Slain by Sigmund
             ... wielding a +2 scythe of protection
              (7 damage)
             ... on level 3 of the Dungeon.
             The game lasted 00:03:27 (1890 turns).

Irenicus the Insei (Octopode Chaos Knight)          Turns: 1890, Time: 00:03:30

Health: -1/36      AC:  1    Str: 12    XL:     5   Next: 58%
Magic:  5/5        EV: 13    Int: 14    God:    Xom [..*...]
Gold:   160        SH:  0    Dex: 12    Spells: 4/4 levels left

rFire    . . .     SeeInvis .     - Unarmed
rCold    . . .     Gourm    .   (no shield)
rNeg     . . .     Faith    .   (helmet restricted)
rPois    .         Spirit   .   (no amulet)
rElec    .         Reflect  .   (no ring)
rCorr    .         Harm     .   (no ring)
MR       .....                  (no ring)
Stlth    ++........             (no ring)
Regen    0.2/turn               (no ring)
MPRegen  0.1/turn               (no ring)
                                (no ring)
                                (no ring)

@: lethally poisoned (-1 -> -4)
A: almost no armour, stealthy swim, amphibious, 8 rings, constrict 8, camouflage
1, gelatinous body 1
a: Renounce Religion


You were on level 3 of the Dungeon.
You worshipped Xom.
You were a toy of Xom.
You were not hungry.

You visited 1 branch of the dungeon, and saw 3 of its levels.

You collected 160 gold pieces.

Inventory:

Scrolls
 c - a scroll of fog {unknown}
 d - 4 scrolls of remove curse {unknown}
 e - a scroll of identify {unknown}
 f - a scroll of amnesia {unknown}
 g - a scroll of teleportation {unknown}
 l - a scroll of recharging {unknown}
 o - a scroll of magic mapping {unknown}
Potions
 h - a potion of resistance
 k - a potion of agility {unknown}
Comestibles
 a - 2 bread rations
 b - 2 royal jellies
 j - 4 fruits
 m - a meat ration


   Skills:
 - Level 3.0 Fighting
 - Level 2.3 Dodging
 + Level 6.1 Unarmed Combat


You had 4 spell levels left.
You didn't know any spells.

Dungeon Overview and Level Annotations

Branches:
Dungeon (3/15)

Altars:
Ru

Annotations:
D:3 Sigmund


Innate Abilities, Weirdness & Mutations

You cannot wear most types of armour.
You are very stealthy in the water. (Stealth+)
You are amphibious.
You can wear up to eight rings at the same time.
You can use your tentacles to constrict eight enemies at once.
Your skin changes colour to match your surroundings (Stealth+).
Your rubbery body absorbs attacks. (AC +1, EV +1)


Message History

You miss the adder. You grab the adder.
You constrict the adder, but do no damage.
The adder bites you.
You are poisoned.
The adder poisons you! Something hits you!
You bludgeon the adder!
You kill the adder!
You feel sick.
It was a potion of resistance.
You feel protected. Something hits you!
* * * LOW HITPOINT WARNING * * *
It was a potion of cancellation.
Your magical effects are unravelling.
You feel magically purged.
Xom thinks this is hilarious!
You feel a little less mighty now.
Your resistance to elements expires.
You feel sick. Something hits you!
You die... "Boring in life, boring in death..."

# ## ### .
.....# #. #.#..#
#%##.#..#
####.#.#..##
........>..#
#.....†#...#####
......{@........
..#..###...####
#. #...#
.#..###...#
..........###
............#
.....##...#.#
.....##...#.#
....[.....#.###.


There were no monsters in sight!

Vanquished Creatures
  Jessica (D:3)
  An orc wizard (D:3)
  A gnoll (D:1)
  5 adders
  2 oozes (D:1)
  A worm (D:2)
  A dart slug (D:1)
  2 leopard geckos (D:1)
  2 orcs (D:3)
  4 giant cockroaches
  10 goblins
  5 hobgoblins
  4 jackals (D:1)
  8 bats
  2 frilled lizards
  8 kobolds
  4 rats
61 creatures vanquished.

Notes
Turn   | Place    | Note
-------+----------+-------------------------------------------
     0 | D:1      | Irenicus the Octopode Chaos Knight began the quest for the Orb.
     0 | D:1      | Reached XP level 1. HP: 16/16 MP: 1/1
    39 | D:1      | Reached XP level 2. HP: 13/21 MP: 2/2
    90 | D:1      | XOM: harmless Fire miscast
   104 | D:1      | XOM: silly message
   131 | D:1      | Reached skill level 4 in Unarmed Combat
   158 | D:1      | XOM: divination: magic mapping
   165 | D:1      | XOM: potion effect (heal wounds)
   171 | D:1      | Reached XP level 3. HP: 26/26 MP: 3/3
   171 | D:1      | XOM: butterfly on damage
   448 | D:1      | XOM: divination: magic mapping
   892 | D:2      | Reached XP level 4. HP: 19/31 MP: 4/4
   952 | D:2      | XOM is BORED!
   952 | D:2      | XOM: noise
  1023 | D:2      | XOM: silly message
  1138 | D:2      | Found a faded altar of an unknown god.
  1223 | D:2      | Reached skill level 5 in Unarmed Combat
  1581 | D:2      | XOM: mild Fire miscast
  1699 | D:3      | Found a sacrificial altar of Ru.
  1709 | D:3      | Reached XP level 5. HP: 32/36 MP: 5/5
  1750 | D:3      | Noticed Jessica
  1759 | D:3      | Killed Jessica
  1763 | D:3      | Reached skill level 6 in Unarmed Combat
  1834 | D:3      | XOM: noise
  1882 | D:3      | Noticed Sigmund
  1890 | D:3      | Slain by Sigmund

Skill      XL: |  1  2  3  4  5 |
---------------+----------------+-----
Unarmed Combat | 4 5 6 |  6.1
Fighting       | |  3.0
Dodging        | |  2.3

Action                   |  1- 3 |  4- 6 || total
-------------------------+-------+-------++-------
Melee: Unarmed           |    82 |    54 ||   136
       Tentacles         |    12 |    10 ||    22
       Constrict         |    12 |    12 ||    24
       Punch             |     1 |     1 ||     2
  Use: Potion            |       |     3 ||     3
 Stab: Sleeping          |     5 |     8 ||    13
       Paralysed         |       |     1 ||     1
  Eat: Chunk             |       |     3 ||     3
Armor: Skin              |     5 |     1 ||     6
Dodge: Dodged            |    46 |    25 ||    71
